 Dungeon Crawl Stone Soup version 0.20.1-1-g8b1a95d (webtiles) character file.

224 slep the Slasher (level 5, -2/41 HPs)
             Began as a Demonspawn Gladiator on Nov 2, 2017.
             Slain by Grinder (9 damage)
             ... on level 3 of the Dungeon.
             The game lasted 00:07:40 (903 turns).

slep the Slasher (Demonspawn Gladiator)              Turns: 903, Time: 00:07:40

Health: -2/41      AC: 11    Str: 14    XL:     5   Next: 67%
Magic:  5/5        EV: 18    Int:  9    God:
Gold:   193        SH:  0    Dex: 16    Spells: 4/4 levels left

rFire    . . .     SeeInvis .   a - +0 long sword
rCold    + . .     Gourm    .   (no shield)
rNeg     . . .     Faith    .   b - +0 leather armour
rPois    +         Spirit   .   c - +0 helmet
rElec    .         Reflect  .   m - +0 cloak
rCorr    .         Harm     .   (no gloves)
MR       .....                  (no boots)
Stlth    +.........             s - amulet of rage
Regen    0.2/turn               t - +5 ring of evasion
MPRegen  0.1/turn               r - ring of poison resistance

@: sanguine armour
A: cold resistance 1, sanguine armour 1
a: Evoke Berserk Rage


You were on level 3 of the Dungeon.
You were not hungry.

You visited 1 branch of the dungeon, and saw 3 of its levels.

You collected 193 gold pieces.

Inventory:

Hand Weapons
 a - a +0 long sword (weapon)
Missiles
 d - 3 throwing nets (quivered)
Armour
 b - a +0 leather armour (worn)
 c - a +0 helmet (worn)
 m - a +0 cloak (worn)
Jewellery
 k - an uncursed ring of resist corrosion
 r - a ring of poison resistance (right hand)
 s - an amulet of rage (around neck)
 t - a +5 ring of evasion (left hand)
Scrolls
 g - 2 scrolls of enchant armour {unknown}
 h - 2 scrolls of identify {unknown}
 i - a scroll of teleportation {unknown}
 o - 2 scrolls of remove curse {unknown}
 q - a scroll of blinking {unknown}
 u - a scroll of recharging {unknown}
Potions
 e - 2 potions of ambrosia
 j - 2 potions of curing {unknown}
 p - a potion of haste {unknown}
 v - a potion of mutation {unknown}
Comestibles
 f - 2 bread rations
 l - 6 chunks of flesh
 n - a royal jelly


   Skills:
 + Level 3.0 Fighting
 + Level 4.5 Long Blades
 + Level 1.9 Throwing
 + Level 1.5 Armour
 + Level 3.3 Dodging
 + Level 0.2 Stealth


You had 4 spell levels left.
You didn't know any spells.

Dungeon Overview and Level Annotations

Branches:
Dungeon (3/15)

Altars:
Trog
Xom

Annotations:
D:3 Grinder


Innate Abilities, Weirdness & Mutations

Your flesh is cold resistant. (rC+)
When seriously injured, your bleeding wounds create armour. (AC +6)


Message History

Grinder blinks!
The bat hits you but does no damage.
You hit the bat.
The bat is severely wounded.
The bat misses you.
You riposte.
You barely miss the bat.
The bat is severely wounded.
Grinder gestures at you. Pain shoots through your body!
* * * LOW HITPOINT WARNING * * *
Grinder blinks!
The bat misses you.
You hit the bat.
You kill the bat!
You closely miss Grinder.
Grinder is moderately wounded.
Grinder blinks!
Grinder closely misses you.
You hit Grinder.
Grinder is heavily wounded.
Grinder hits you!
You die...

#.. ##. ### # ####
####..
..##...############.....
..)...........)......###
.(.....†.†..##########
.........#### .......@.#
.......5## ..##..[## #
####


You could see Grinder.

Vanquished Creatures
  A black bear (D:3)
  A bullfrog zombie (D:3)
  An orc wizard (D:3)
  2 adders (D:2)
  A worm (D:3)
  A dart slug (D:2)
  A leopard gecko (D:1)
  3 orcs (D:3)
  4 giant cockroaches
  5 goblins
  8 hobgoblins
  5 jackals (D:3)
  3 bats
  5 frilled lizards
  4 kobolds
  3 rats
48 creatures vanquished.

Notes
Turn   | Place    | Note
-------+----------+-------------------------------------------
     0 | D:1      | slep the Demonspawn Gladiator began the quest for the Orb.
     0 | D:1      | Reached XP level 1. HP: 16/16 MP: 1/1
   130 | D:1      | Gained mutation: When seriously injured, your bleeding wounds create armour. (AC +6) [demonic ancestry]
   130 | D:1      | Reached XP level 2. HP: 22/22 MP: 2/2
   161 | D:1      | Reached skill level 3 in Long Blades
   474 | D:2      | Reached XP level 3. HP: 16/27 MP: 3/3
   620 | D:2      | Found a shimmering altar of Xom.
   631 | D:2      | Found a shimmering altar of Xom.
   632 | D:2      | Found a shimmering altar of Xom.
   633 | D:2      | You fall through a shaft!
   645 | D:3      | Reached XP level 4. HP: 34/34 MP: 4/4
   791 | D:3      | Reached skill level 4 in Long Blades
   791 | D:3      | Reached skill level 1 in Armour
   810 | D:3      | Found a bloodstained altar of Trog.
   871 | D:3      | Noticed a black bear
   881 | D:3      | Noticed Grinder
   883 | D:3      | Killed a black bear
   883 | D:3      | Gained mutation: Your flesh is cold resistant. (rC+) [demonic ancestry]
   883 | D:3      | Reached XP level 5. HP: 22/41 MP: 5/5
   883 | D:3      | Paralysed by Grinder for 4 turns
   903 | D:3      | Slain by Grinder

Skill      XL: |  1  2  3  4 |
---------------+-------------+-----
Long Blades    | 3 4 |  4.5
Dodging        | 3 |  3.3
Armour         | 1 |  1.5
Fighting       | 3 |  3.0
Throwing       | |  1.9
Stealth        | |  0.2

Action                   |  1- 3 |  4- 6 || total
-------------------------+-------+-------++-------
Melee: Long sword        |    80 |    69 ||   149
  Use: Potion            |       |     1 ||     1
Armor: Leather armour    |    22 |    12 ||    34
Dodge: Dodged            |    56 |    63 ||   119
       Rpst.: Long sword |    15 |    15 ||    30
